 Dungeon Crawl Stone Soup version 0.20.0 (webtiles) character file.

56 TheOrbIsALie the Scratcher (level 3, -1/15 HPs)
             Began as a Felid Transmuter on June 12, 2017.
             Slain by a gnoll
             ... wielding a +0 spear
              (8 damage)
             ... on level 2 of the Dungeon.
             The game lasted 00:02:14 (1471 turns).

TheOrbIsALie the Scratcher (Felid Transmuter)       Turns: 1471, Time: 00:02:15

Health: -1/15      AC:  1    Str:  7    XL:     3   Next: 69%
Magic:  7/7        EV: 18    Int: 14    God:
Gold:   89         SH:  0    Dex: 16    Spells: 5/6 levels left
                                        Lives:  0   Deaths: 0

rFire    . . .     SeeInvis +     - Unarmed
rCold    . . .     Gourm    .   (shield unavailable)
rNeg     . . .     Faith    .   (armour unavailable)
rPois    .         Spirit   .   (helmet unavailable)
rElec    .         Reflect  .   (cloak unavailable)
rCorr    .         Harm     .   (gloves unavailable)
MR       .....                  (boots unavailable)
Stlth    ++........             (no amulet)
Regen    0.1/turn               (no ring)
MPRegen  0.1/turn               (no ring)

@: appendage (expiring), quick
A: no armour, no weapons or thrown items, stealth, claws 1, fangs 3, horns 2,
see invisible, carnivore 3, speed 1, shaggy fur 1, slow metabolism 1, sharp paws
a: End Transformation


You were on level 2 of the Dungeon.
You were not hungry.
You had grown temporary horns.
You visited 1 branch of the dungeon, and saw 2 of its levels.

You collected 89 gold pieces.

Inventory:

Missiles
 a - 29 arrows
Jewellery
 h - an uncursed amulet of faith {unknown}
Scrolls
 d - 2 scrolls of identify {unknown}
 f - a scroll of enchant weapon {unknown}
 i - a scroll of teleportation {unknown}
 j - 2 scrolls of remove curse {unknown}
 k - a scroll of magic mapping {unknown}
 l - 2 scrolls of enchant armour {unknown}
 n - a scroll of recharging {unknown}
Potions
 e - 3 potions of lignification {unknown}
 g - 2 potions of resistance {unknown}
 m - a potion of berserk rage {unknown}
 o - a potion of heal wounds {unknown}
 q - a potion of might {unknown}
Books
 b - a book of Changes

   Spells                             Type                      Level
   a - Beastly Appendage              Transmutation                1
   b - Sticks to Snakes               Transmutation                2
   c - Spider Form                    Transmutation/Poison         3
   d - Ice Form                       Ice/Transmutation            4
   e - Blade Hands                    Transmutation                5
Comestibles
 c - a meat ration
 p - 2 royal jellies


   Skills:
 - Level 1.0 Fighting
 - Level 2.6 Dodging
 + Level 4.7 Unarmed Combat
 - Level 2.0 Spellcasting
 - Level 2.1 Transmutations


You had 5 spell levels left.
You knew the following spells:

 Your Spells              Type           Power        Failure   Level  Hunger
a - Beastly Appendage     Tmut           #.....       10%         1    ##.....


Dungeon Overview and Level Annotations

Branches:
Dungeon (2/15)

Altars:


Innate Abilities, Weirdness & Mutations

You cannot wear armour.
You are incapable of wielding weapons or throwing items.
Your paws allow you to move quietly. (Stealth)
You have sharp claws.
You have razor-sharp teeth.
You have supernaturally acute eyesight. (SInv)
You are carnivorous and can eat meat at any time.
You cover ground quickly.
You are covered in fur. (AC +1)
You have a slow metabolism.
Your sharp claws are effective at attacking unaware monsters.
You have a pair of horns on your head.


Message History

A gnoll comes into view. It is wielding a spear.
The gnoll shouts!
You scratch the gnoll but do no damage. The gnoll closely misses you.
You claw the gnoll! You headbutt the gnoll.
You kill the gnoll!
Your transformation is almost over.
You claw the gnoll! You headbutt the gnoll.
You kill the gnoll!
The gnoll barely misses you.
Things that are here:
a flail; a spear The gnoll misses you.
You barely miss the gnoll. Your bite misses the gnoll.
The gnoll closely misses you.
You scratch the gnoll but do no damage. The gnoll hits you with a spear!
You scratch the gnoll.
The gnoll is lightly wounded.
The gnoll hits you with a spear!
Ouch! That really hurt!
You die...

########.# ....<....#
####..#### ......#
#.....#############
....<..............
..................#
.#.#.#....#########.#
.#.#.'....'....)@g..#
.#.###....###########
(...('.......
##.###....### #.#
#....# ##(# #....#
.#.# #...... .#.#
#....... .#.# ##..g..


You could see a gnoll.

Vanquished Creatures
  An adder (D:2)
  2 gnolls (D:2)
  A worm (D:2)
  3 goblins
  A hobgoblin (D:2)
  A quokka (D:2)
  4 bats (D:1)
  2 frilled lizards (D:1)
  5 kobolds
  7 rats
27 creatures vanquished.

Notes
Turn   | Place    | Note
-------+----------+-------------------------------------------
     0 | D:1      | TheOrbIsALie the Felid Transmuter began the quest for the Orb.
     0 | D:1      | Reached XP level 1. HP: 9/9 MP: 4/4
   340 | D:1      | Reached XP level 2. HP: 12/12 MP: 4/6
  1053 | D:2      | Reached skill level 4 in Unarmed Combat
  1419 | D:2      | Reached XP level 3. HP: 12/15 MP: 4/7
  1471 | D:2      | Slain by a gnoll

Skill      XL: |  1  2 |
---------------+-------+-----
Unarmed Combat | 4 |  4.7
Fighting       | |  1.0
Dodging        | |  2.6
Spellcasting   | |  2.0
Transmutations | |  2.1

Action                   || total
-------------------------++-------
Melee: Unarmed           ||    77
       Headbutt          ||    13
       Bite              ||     5
 Cast: Beastly Appendage ||    20
 Stab: Sleeping          ||     1
  Eat: Chunk             ||     1
Armor: Skin              ||     8
Dodge: Dodged            ||    64
